 Dungeon Crawl Stone Soup version 0.28-a0-750-g7c675f85b1 (webtiles) character file.

Game seed: 8898445060759491613

65 ytrimaz the Skirmisher (level 3, -3/29 HPs)
             Began as a Demonspawn Fighter on Oct 30, 2021.
             Slain by Sigmund (9 damage)
             ... on level 2 of the Dungeon.
             The game lasted 00:01:31 (1727 turns).

ytrimaz the Skirmisher (Demonspawn Fighter)         Turns: 1727, Time: 00:01:32

Health: -3/29      AC:  7    Str: 17    XL:     3   Next: 92%
Magic:  3/3        EV:  9    Int:  9    God:
Gold:   40         SH:  4    Dex: 12    Spells: 2/2 levels left

rFire   . . .      SeeInvis .   a - +0 rapier
rCold   . . .      Faith    .   c - +0 buckler
rNeg    . . .      Spirit   .   b - +0 scale mail
rPois   .          Reflect  .   (no helmet)
rElec   .          Harm     .   (no cloak)
rCorr   .          Rampage  .   (no gloves)
Will    .....                   (no boots)
Stlth   ..........              (no amulet)
HPRegen 0.09/turn               (no ring)
MPRegen 0.08/turn               (no ring)

@: no status effects
A: sharp scales 1
a: no special abilities


You were on level 2 of the Dungeon.
You visited 1 branch of the dungeon, and saw 2 of its levels.

You collected 40 gold pieces.

Inventory:

Hand Weapons
 a - a +0 rapier (weapon)
Armour
 b - a +0 scale mail (worn)
 c - a +0 buckler (worn)
Scrolls
 f - a scroll of fear
 g - a scroll of blinking
Potions
 d - a potion of might
 e - a potion of curing
 h - a potion of heal wounds {unknown}
 i - a potion of magic {unknown}


   Skills:
 + Level 3.4 Fighting
 + Level 2.5 Short Blades
 + Level 3.3 Armour
 + Level 3.1 Shields


You had 2 spell levels left.
You didn't know any spells.
Your spell library contained the following spells:

 Spells                   Type           Power      Damage    Failure   Level
 Summon Small Mammal      Summ           0%         N/A       83%         1
 Call Canine Familiar     Summ           0%         N/A       99%         3
 Summon Guardian Golem    Hex/Summ       0%         N/A       99%         3


Dungeon Overview and Level Annotations

Branches:
Dungeon (2/15)

Altars:

Annotations:
D:2 Sigmund


Innate Abilities, Weirdness & Mutations

You are partially covered in razor-sharp scales. (AC +1, Slay +1)


Message History

You hit the endoplasm.
The endoplasm is almost dead.
The endoplasm hits you but does no damage.
Sigmund casts a spell at you. The magic dart hits you.
You hit the endoplasm.
You kill the endoplasm!
Sigmund casts a spell at you.
The magic dart hits you but does no damage.
Sigmund barely misses you.
You closely miss Sigmund. Sigmund closely misses you.
You closely miss Sigmund. You hit Sigmund.
Sigmund is lightly wounded.
Sigmund gestures at you while chanting.
You are confused.
You hit Sigmund.
Sigmund is moderately wounded.
Sigmund gestures at you while chanting. The puff of flame misses you.
Sigmund hits you from afar with a +0 scythe.
Sigmund closely misses you.
You puncture Sigmund!
Sigmund is severely wounded.
Sigmund closely misses you.
You bump into the rock wall.
You feel less confused. Sigmund gestures at you while chanting.
The puff of flame hits you!
* * * LOW HITPOINT WARNING * * *
Unknown command.
Sigmund gestures at you while chanting. You resist with significant effort.
You hit Sigmund.
Sigmund is almost dead.
Sigmund completely misses you.
You hit Sigmund but do no damage.
Sigmund is almost dead.
Sigmund hits you with a +0 scythe!
You die...

. .. ### .# ...#####..#
#.#...... ###### #...@.#
#
.######....#####@#.#....
..............$......>#
.######....###<#........
....)......# #.###.#.#..
#...##)....# #.. ...#
#...##.....# #### .###
#...##)....# .
#..)##.....# #
#[..##.....#


You could see Sigmund.

Vanquished Creatures
  Robin (D:2)
  An adder (D:2)
  A dart slug (D:1)
  2 ball pythons
  4 endoplasms
  A giant cockroach (D:1)
  2 hobgoblins
  2 jackals (D:2)
  A quokka (D:1)
  A frilled lizard (D:1)
  16 goblins
  2 kobolds (D:1)
  4 rats
38 creatures vanquished.

Notes
Turn   | Place    | Note
-------+----------+-------------------------------------------
     0 | D:1      | ytrimaz the Demonspawn Fighter began the quest for the Orb.
     0 | D:1      | Reached XP level 1. HP: 18/18 MP: 1/1
   378 | D:1      | Gained mutation: You are partially covered in razor-sharp
                  | scales. (AC +1, Slay +1) [demonic ancestry]
   378 | D:1      | Reached XP level 2. HP: 22/24 MP: 2/2
  1158 | D:2      | Reached XP level 3. HP: 16/29 MP: 3/3
  1425 | D:2      | Noticed Robin
  1439 | D:2      | Killed Robin
  1707 | D:2      | Noticed Sigmund
  1727 | D:2      | Slain by Sigmund

Illustrated notes

Levels and vault maps discovered:
D:1:      dpeg_arrival_arbitrary_a, layout_loops_corners, minmay_liquid_box
D:2:      layout_basic, serial_shops, shop, uniq_sigmund, uniq_jessica,
          uniq_robin

Skill      XL: |  1  2 |
---------------+-------+-----
Armour         | 3 |  3.3
Short Blades   | 2 |  2.5
Shields        | 3 |  3.1
Fighting       | |  3.4

Action                   || total
-------------------------++-------
Melee: Rapier            ||   114
  Use: Scroll            ||     3
Armor: Scale mail        ||    47
Dodge: Dodged            ||    52
Block: Buckler           ||    22

Table legend: (Time is in decaauts)
 A = Elapsed time spent in this place.
 B = Non-inter-level travel time spent in this place.
 C = Inter-level travel time spent in this place.
 D = Time resting spent in this place.
 E = Time spent auto-exploring this place.
 F = Levels seen in this place.
 G = Mean time per level.
                   A        B        C        D        E       F      G
               +--------+--------+--------+--------+--------+-----+--------+
         Total |   1740 |   1723 |     17 |    367 |   1075 |   2 |  870.0 |
       Dungeon |   1740 |   1723 |     17 |    367 |   1075 |   2 |  870.0 |
               +--------+--------+--------+--------+--------+-----+--------+

Top non-repeatable levels by time:
     D:1: 1089 daAuts
     D:2: 651 daAuts
